Map: Eastwatch LE

Players

kauP - Winner!

  • Race: Terran Terran
  • Spawn Location: 7:00

HolyHit

  • Race: Protoss Protoss
  • Spawn Location: 1:00

Event: WCS Leipzig 2018

VOD

Have the link to the VOD?

Description

Time

  • Played on: Jan. 26, 2018, 6:32 a.m.
  • Length: 10:36

All games in this series

Show
View Real Time Build Order
Export as new Build Order

kauP Terran - Winner!

Build Orders: Cyclone Opening, MMM Bio 

Get SALT Encoding   

  12  0:00  SCV  
  13  0:12  SCV  
  14  0:19  Supply Depot  
  14  0:24  SCV  
  15  0:30  Refinery  
  15  0:44  Barracks  
  15  0:49  SCV  
  16  1:01  SCV  
  17  1:07  Refinery  
  17  1:13  SCV  
  19  1:25  SCV  
  19  1:31  Reaper  
  20  1:38  Orbital Command  
  20  1:42  Factory  
  20  1:50  Supply Depot  
  20  2:03  Reaper  
  20  2:04  SCV  
  21  2:16  SCV  
  22  2:26  Cyclone  
  22  2:28  SCV  
  25  2:37  Starport  
  25  2:40  SCV  
  25  2:43  Supply Depot  
  26  2:52  SCV  
  30  2:58  Cyclone  
  30  3:07  SCV  
  31  3:15  Starport Tech Lab  
  31  3:22  Command Center  
  31  3:27  SCV  
  31  3:38  Cloaking Field  
  31  3:39  SCV, Banshee  
  35  3:47  Cyclone  
  38  3:52  Supply Depot  
  38  3:58  Engineering Bay  
  38  4:02  SCV  
  39  4:14  SCV  
  40  4:20  Barracks Tech Lab  
  40  4:22  Banshee  
  43  4:26  SCV  
  43  4:27  Cyclone  
  46  4:31  Missile Turret  
  46  4:39  Orbital Command  
  46  4:43  SCV  
  47  4:46  Stimpack  
  47  4:48  Marine  
  48  4:56  SCV  
  49  5:04  Factory Reactor  
  49  5:08  SCV  
  50  5:18  SCV, Barracks  
  50  5:20  Barracks  
  51  5:22  Orbital Command  
  51  5:27  Marine  
  52  5:32  SCV, Terran Infantry Weapons Level 1  
  52  5:34  Banshee  
  56  5:44  SCV  
  57  5:52  Marauder  
  56  5:58  Refinery  
  56  5:59  SCV x2  
  56  6:02  Factory Reactor  
  56  6:03  Factory Tech Lab  
  58  6:09  Refinery, Marine  
  58  6:11  SCV x2  
  61  6:21  Supply Depot  
  61  6:22  Supply Depot, Marauder  
  61  6:23  SCV x2  
  65  6:29  Medivac, Siege Tank  
  70  6:42  Marine x2  
  70  6:43  SCV x2, Marauder  
  70  6:46  Combat Shields  
  76  6:47  Supply Depot  
  76  6:55  SCV x2  
  78  7:01  Siege Tank  
  78  7:06  Marine x2  
  78  7:07  SCV x2, Supply Depot  
  85  7:08  Medivac  
  85  7:12  Marine x2  
  89  7:19  SCV x2  
  89  7:21  Supply Depot  
  88  7:32  Terran Infantry Armor Level 1  
  88  7:34  Command Center  
  88  7:39  Siege Tank, Starport Reactor  
  88  7:42  Marine x2  
  93  7:45  Marine x2  
  93  7:47  SCV  
  96  7:57  SCV  
  97  7:59  SCV  
  97  8:00  Marine x2  
  97  8:03  Concussive Shells  
  97  8:04  Marauder x2  
  104  8:09  SCV  
  104  8:11  SCV  
  106  8:19  Barracks  
  106  8:20  Barracks  
  106  8:21  SCV  
  106  8:23  SCV  
  108  8:30  Marauder  
  110  8:42  Engineering Bay  
  110  8:43  Armory  
  110  8:44  Supply Depot  
  110  8:45  SCV x2, Marine x2  
  110  8:46  Marauder  
  116  8:52  Marauder  
  114  9:01  Siege Tank  
  112  9:03  Marine x2  
  112  9:07  Marauder  
  114  9:13  Marine x2  
  114  9:14  Marauder  
  115  9:19  Missile Turret  
  115  9:20  Liberator  
  115  9:28  Marauder  
  110  9:32  SCV  
  110  9:33  SCV  
  110  9:35  Marine x3, Marauder  
  118  9:48  SCV x2  
  105  10:02  Marine x2, Marauder x2  
  105  10:05  Medivac  
  112  10:17  SCV x2  
  115  10:28  Missile Turret  
Show
View Real Time Build Order
Export as new Build Order

HolyHit Protoss 

Build Orders: Blink Stalkers 

Get SALT Encoding   

  12  0:00  Probe  
  13  0:12  Probe  
  14  0:17  Pylon  
  14  0:25  Probe  
  15  0:35  Gateway  
  15  0:38  Probe (Chrono Boost)  
  16  0:48  Probe (Chrono Boost), Assimilator  
  17  0:53  Probe (Chrono Boost)  
  18  1:05  Probe (Chrono Boost)  
  19  1:13  Probe (Chrono Boost)  
  20  1:19  Probe  
  21  1:25  Cybernetics Core  
  21  1:26  Zealot  
  21  1:28  Gateway  
  23  1:34  Pylon  
  23  1:38  Assimilator  
  23  1:52  Probe  
  24  2:01  Stalker (Chrono Boost)  
  24  2:04  Probe  
  27  2:12  Shield Battery  
  27  2:17  Probe  
  27  2:20  Stalker (Chrono Boost)  
  28  2:35  Stalker  
  30  2:43  Pylon  
  29  2:52  Probe  
  29  2:55  Twilight Council  
  30  3:04  Probe  
  30  3:16  Probe  
  35  3:20  Warp Gate  
  31  3:37  Nexus  
  31  3:38  Probe (Chrono Boost)  
  32  3:41  Blink (Chrono Boost)  
  32  3:50  Probe (Chrono Boost)  
  32  3:55  Pylon  
  33  3:57  Sentry  
  33  3:59  Probe (Chrono Boost)  
  36  4:04  Sentry  
  36  4:09  Probe  
  39  4:18  Robotics Facility  
  39  4:22  Probe  
  40  4:34  Probe  
  41  4:39  Pylon  
  40  4:46  Probe  
  41  4:54  Probe  
  41  4:58  Probe  
  41  4:59  Forge  
  43  5:05  Gateway  
  43  5:06  Observer (Chrono Boost), Probe  
  45  5:10  Probe  
  45  5:18  Probe, Pylon  
  44  5:22  Probe  
  43  5:28  Warp Prism  
  43  5:33  Probe, Photon Cannon  
  41  5:50  Probe  
  41  5:51  Probe  
  41  5:52  Protoss Ground Weapons Level 1  
  42  6:02  Probe  
  42  6:03  Probe  
  44  6:09  Sentry  
  44  6:10  Robotics Bay  
  46  6:14  Probe (Chrono Boost)  
  46  6:15  Photon Cannon  
  46  6:17  Probe (Chrono Boost)  
  48  6:19  Observer  
  48  6:25  Sentry  
  52  6:26  Probe (Chrono Boost)  
  52  6:28  Probe (Chrono Boost)  
  52  6:32  Probe (Chrono Boost)  
  53  6:33  Probe (Chrono Boost)  
  53  6:37  Stalker, Pylon  
  57  6:41  Stalker  
  57  6:43  Probe  
  57  6:45  Probe  
  61  6:59  Probe  
  61  7:00  Assimilator  
  64  7:02  Assimilator  
  64  7:03  Colossus (Chrono Boost)  
  66  7:14  Shield Battery  
  65  7:27  Probe  
  66  7:33  Observer  
  66  7:38  Probe  
  66  7:39  Nexus, Extended Thermal Lance (Chrono Boost)  
  66  7:40  Pylon  
  67  7:50  Probe, Colossus (Chrono Boost)  
  67  7:51  Probe  
  69  7:54  Pylon  
  75  8:02  Zealot  
  75  8:03  Shield Battery, Zealot  
  75  8:05  Stalker  
  81  8:10  Protoss Ground Weapons Level 2 (Chrono Boost)  
  81  8:11  Probe  
  81  8:12  Probe  
  83  8:19  Shield Battery  
  82  8:31  Probe  
  82  8:32  Gateway  
  83  8:34  Probe  
  83  8:36  Gateway  
  84  8:44  Colossus (Chrono Boost)  
  89  8:57  Zealot  
  89  8:58  Stalker x2  
  91  9:07  Pylon  
  85  9:17  Stalker  
  85  9:20  Gateway  
  85  9:21  Sentry  
  85  9:22  Gateway, Sentry  
  85  9:23  Probe  
  92  9:24  Probe  
  92  9:27  Probe  
  92  9:41  Stalker  
  92  9:42  Stalker  
  92  9:43  Stalker  
  92  9:45  Stalker  
  97  9:46  Sentry  
  54  10:07  Stalker x2  
  54  10:11  Stalker  
  60  10:18  Stalker  
  62  10:25  Stalker  
  60  10:28  Stalker x2  
Tags
 
Add a new tag
Caveats
  • Supply blocks, unpowered buildings, or Contaminate may cause inaccurate times.
  • Supply counts are checked every 10 seconds.